 Dungeon Crawl Stone Soup version 0.31-a0-145-g046c7d2549 (webtiles) character file.

Game seed: 14350579984595442518

245 qw the Shooter (level 5, 0/46 HPs)
             Began as a Minotaur Hunter on June 7, 2023.
             Slain by Pikel
             ... wielding a +1 whip of freezing
              (2 damage)
             ... on level 4 of the Dungeon.
             The game lasted 00:00:59 (2787 turns).

qw the Shooter (Minotaur Hunter)                    Turns: 2787, Time: 00:00:59

Health: 0/46       AC:  6    Str: 16    XL:     5   Next: 84%
Magic:  4/4        EV: 11    Int:  6    God:
Gold:   819        SH:  0    Dex: 15    Spells: 4/4 levels left

rFire   . . .        Y - +1 shortbow
rCold   . . .        (shield currently unavailable)
rNeg    . . .        d - +0 ring mail
rPois   .            (helmet restricted)
rElec   .            (no cloak)
rCorr   .            b - +0 pair of gloves
SInv    .            (no boots)
Will    .....        (no amulet)
Stlth   +            (no ring)
HPRegen 0.27/turn    (no ring)
MPRegen 0.09/turn

%: no passive effects
@: no status effects
A: horns 2, retaliatory headbutt
a: no special abilities


You were on level 4 of the Dungeon.
You visited 1 branch of the dungeon, and saw 4 of its levels.

You collected 819 gold pieces.


Innate Abilities, Weirdness & Mutations

You have a pair of horns on your head.
You reflexively headbutt those who attack you in melee.


   Skills:
 - Level 4.0 Fighting
 + Level 7.1 Ranged Weapons
 - Level 1.2 Armour
 - Level 2.1 Dodging
 - Level 0.7 Stealth


You had 4 spell levels left.
You didn't know any spells.
Your spell library was empty.

Inventory:

Hand Weapons
 Y - a +1 shortbow (weapon)
Armour
 b - a +0 pair of gloves (worn)
 d - a +0 ring mail (worn)
Jewellery
 f - a ring of see invisible
Scrolls
 a - 2 scrolls of identify
 e - a scroll of fear {unknown}
Potions
 c - a potion of lignification {unknown}
 h - a potion of might

Dungeon Overview and Level Annotations

Branches:
Dungeon (4/15)
 Temple: D:4-7

Altars:

Shops:
D:1 =

Annotations:
D:4 3 runed translucent doors, Pikel; qw's ghost, amateur MiHu


Message History

You shoot an arrow. The jackal barks!
The arrow hits Pikel.
Pikel is moderately wounded.
Pikel hits you with a +1 whip of freezing!
Pikel freezes you.
A lemure comes into view.
You shoot an arrow. The arrow hits Pikel.
Pikel is moderately wounded.
You hear a shout!
Pikel barely misses you.
A lemure comes into view.
You hear a shout!
You shoot an arrow. The arrow barely misses Pikel.
Pikel hits you but does no damage.
You shoot an arrow. The arrow completely misses Pikel.
Pikel barely misses you.
You shoot an arrow. The arrow hits Pikel!
Pikel is heavily wounded.
Pikel hits you with a +1 whip of freezing!
Pikel freezes you.
Pikel hits you with a +1 whip of freezing.
Pikel freezes you.
You shoot an arrow. The arrow closely misses Pikel.
The arrow hits the jackal but does no damage.
Pikel hits you with a +1 whip of freezing.
Pikel freezes you.
You shoot an arrow. The arrow closely misses Pikel.
The arrow hits the jackal.
The jackal is moderately wounded.
Pikel hits you with a +1 whip of freezing.
Pikel freezes you.
You shoot an arrow. The arrow hits Pikel!
Pikel is almost dead.
Pikel hits you with a +1 whip of freezing.
Pikel freezes you.
You shoot an arrow. The arrow hits Pikel.
Pikel is almost dead.
Pikel hits you with a +1 whip of freezing.
Pikel freezes you.
You die...

#..... .......
#.##.. .......
#.##.# ......8
#.##.. .......
#.##.# ...5o
####.##.# .h5
###........
#K#######..[#####.#
#.@.......### #.#
########### #.# #.#
#.# #.# ###.# #...#
#.### #....


You could see Pikel, an orc warrior, 2 lemures and a jackal.

Vanquished Creatures
  A scorpion (D:3)
  Terence (D:2)
  3 gnolls
  6 adders
  3 worms
  A dart slug (D:4)
  3 orcs (D:3)
  2 bats
  5 endoplasms
  4 giant cockroaches
  11 goblins
  3 hobgoblins
  10 jackals
  2 quokkas
  9 ball pythons
  3 kobolds
  3 rats
  A spectral goblin (D:3)
71 creatures vanquished.

Notes
Turn   | Place    | Note
-------+----------+-------------------------------------------
     0 | D:1      | qw the Minotaur Hunter began the quest for the Orb.
     0 | D:1      | Reached XP level 1. HP: 18/18 MP: 0/0
     0 | D:1      | 0 ||| qw: Version: 0.2-a-117-gc6b5c8b
     0 | D:1      | 0 ||| qw: Game counter: 2405
     0 | D:1      | 0 ||| qw: Always use a shield: true
     0 | D:1      | 0 ||| qw: God list: Okawaru
     0 | D:1      | 0 ||| qw: Allow faded altars: false
     0 | D:1      | 0 ||| qw: Do Orc after D:15 true
     0 | D:1      | 0 ||| qw: Do second Lair branch before Depths: true
     0 | D:1      | 0 ||| qw: Lair rune preference: random
     0 | D:1      | 0 ||| qw: Plans: Normal
     0 | D:1      | 0 ||| PLANNING D:1-11
   192 | D:1      | Found Agirov's Jewellery Emporium.
   199 | D:1      | 199 ||| SHOPLISTING +5 ring of evasion (432 gold, have 26).
   199 | D:1      | 199 ||| SHOPLISTING amulet of regeneration (360 gold, have
                  | 26).
   199 | D:1      | 199 ||| SHOPLISTING ring of fire (300 gold, have 26).
   199 | D:1      | 199 ||| SHOPLISTING ring of poison resistance (240 gold,
                  | have 26).
   199 | D:1      | 199 ||| SHOPLISTING ring of positive energy (240 gold, have
                  | 26).
   199 | D:1      | 199 ||| SHOPLISTING ring of see invisible (180 gold, have
                  | 26).
   395 | D:1      | Reached XP level 2. HP: 25/25 MP: 1/1
   398 | D:1      | Reached skill level 5 in Ranged Weapons
   640 | D:1      | Reached skill level 3 in Fighting
   815 | D:1      | 815 ||| UPGRADING to +0 ring mail.
   825 | D:1      | 825 ||| DROPPING +0 leather armour.
   826 | D:1      | 826 ||| READING 2 scrolls labelled SIANITZ DEBITE.
   827 | D:1      | 827 ||| READING scroll labelled IWAT CANKYRE.
   828 | D:1      | 828 ||| READING scroll labelled GOBEUV TOIBBUDD.
   829 | D:1      | 829 ||| READING scroll labelled UCZEASUUROA.
   829 | D:1      | Identified a scroll of acquirement
   829 | D:1      | 829 ||| ACQUIRING 589 gold pieces
   829 | D:1      | Acquired 589 gold pieces
   831 | D:1      | 831 ||| READING scroll labelled ZIDOJE EPOE.
   832 | D:1      | 832 ||| DROPPING scroll of butterflies.
   872 | D:2      | Reached skill level 1 in Armour
   872 | D:2      | Reached XP level 3. HP: 31/31 MP: 2/2
   886 | D:2      | Noticed Terence
   899 | D:2      | Killed Terence
  1079 | D:2      | Reached XP level 4. HP: 38/38 MP: 3/3
  1109 | D:2      | Reached skill level 6 in Ranged Weapons
  1109 | D:2      | HP: 9/38 [goblin/+0 club (2)]
  1114 | D:2      | HP: 5/38 [poisoned by an adder]
  1436 | D:2      | 1436 ||| UPGRADING to +0 pair of gloves.
  1441 | D:2      | 1441 ||| READING scroll labelled SIFIORAEWI.
  1444 | D:2      | 1444 ||| READING scroll labelled RATU TEGEUB.
  1445 | D:2      | 1445 ||| DRINKING 2 fuming red potions.
  1446 | D:2      | 1446 ||| READING 2 scrolls of identify.
  1446 | D:2      | 1446 ||| IDENTIFYING inky potion
  1447 | D:2      | 1447 ||| DROPPING potion of attraction.
  1448 | D:2      | 1448 ||| DROPPING potion of enlightenment.
  1470 | D:3      | 1470 ||| Stepping ~*~*~tactically~*~*~ (outnumbered).
  1494 | D:3      | 1494 ||| FLEEEEING.
  1495 | D:3      | 1495 ||| FLEEEEING.
  1496 | D:3      | 1496 ||| STAIRDANCE
  1514 | D:3      | 1514 ||| STAIRDANCE
  1524 | D:2      | Reached XP level 5. HP: 39/46 MP: 4/4
  1787 | D:3      | 1787 ||| READING scroll labelled IBROHU UHAPS.
  2059 | D:3      | Found a faded altar of an unknown god.
  2147 | D:3      | Reached skill level 7 in Ranged Weapons
  2432 | D:3      | 2432 ||| READING 3 scrolls of identify.
  2432 | D:3      | 2432 ||| IDENTIFYING bubbling sapphire potion
  2645 | D:4      | Found a runed translucent gate.
  2645 | D:4      | Found a runed translucent gate.
  2646 | D:4      | Found a runed translucent gate.
  2648 | D:4      | Noticed qw's ghost (amateur MiHu)
  2777 | D:4      | Noticed Pikel
  2777 | D:4      | Noticed a lemure
  2777 | D:4      | Noticed an orc warrior
  2779 | D:4      | Noticed a lemure
  2780 | D:4      | Noticed a lemure
  2785 | D:4      | HP: 10/46 [Pikel/+1 whip of freezing (4)]
  2787 | D:4      | HP: 2/46 [Pikel/+1 whip of freezing (3)]
  2787 | D:4      | Slain by Pikel

Levels and vault maps discovered:
D:1:      dpeg_arrival_pits, layout_basic, serial_shops, shop, nrook_mini_vaults
D:2:      cheibrodos_helix_gallery, layout_basic, uniq_terence
D:3:      layout_loops_ring, dreamdust_ecumenical_altar_drowned_temple,
          serial_bayou, serial_bayou_pond_a, serial_bayou_pond_b,
          serial_bayou_lagoon_a, serial_bayou_ford_a, serial_bayou_pond_c,
          corexii_leaking_fountain, minmay_gold_behind_fungi
D:4:      layout_loops_cross, gammafunk_ghost_necromancy,
          kennysheep_generic_room_2, uniq_pikel

Skill      XL: |  1  2  3  4  5 |
---------------+----------------+-----
Ranged Weapons | 5 6 7 |  7.1
Fighting       | 3 4 |  4.0
Armour         | 1 |  1.2
Dodging        | |  2.1
Stealth        | |  0.7

Action                     |  1- 3 |  4- 6 || total
---------------------------+-------+-------++-------
   Fire: Shortbow          |    70 |   133 ||   203
    Use: Scroll            |     5 |     5 ||    10
         Potion            |       |     1 ||     1
 Armour: Leather armour    |     4 |       ||     4
         Ring mail         |     3 |    18 ||    21
  Dodge: Dodged            |    15 |    50 ||    65

Table legend:
 A = Non-vault XP
 B = Vault XP
 C = Vault XP percentage of total XP
 D = Non-vault monster count
 E = Vault monster count
 F = Vault count percentage of total count
                 A         B        C        D         E       F
            +---------+---------+-------+---------+---------+-------
      Total |     234 |     117 |  33.3 |      65 |       6 |   8.5
            +---------+---------+-------+---------+---------+-------
        D:1 |      31 |       0 |   0.0 |      17 |       0 |   0.0
        D:2 |     109 |      35 |  24.3 |      19 |       3 |  13.6
        D:3 |      79 |      82 |  50.9 |      22 |       3 |  12.0
        D:4 |      15 |       0 |   0.0 |       7 |       0 |   0.0
            +---------+---------+-------+---------+---------+-------
